 Dungeon Crawl Stone Soup version 0.29-a0-371-g91724d5b39 (webtiles) character file.

Game seed: 12162240226306274847

49 spaghetti the Caller (level 3, -2/25 HPs)
             Began as a Gnoll Wanderer on May 2, 2022.
             Was a Believer of Lugonu.
             Slain by a worm (7 damage)
             ... on level 2 of the Dungeon.
             The game lasted 00:03:49 (2814 turns).

spaghetti the Caller (Gnoll Wanderer)               Turns: 2814, Time: 00:03:50

Health: -2/25      AC:  2    Str: 11    XL:     3   Next: 77%
Magic:  7/7        EV: 12    Int: 13    God:    Lugonu [**....]
Gold:   40         SH:  0    Dex: 11    Spells: 0/7 levels left

rFire   . . .      SeeInvis .   d - +0 dagger (elec) {short}
rCold   . . .      Faith    .   (no shield)
rNeg    . . .      Spirit   .   e - +0 robe
rPois   .          Reflect  .   (no helmet)
rElec   .          Harm     .   (no cloak)
rCorr   .          Rampage  .   (no gloves)
Will    .....                   (no boots)
Stlth   ++........              (no amulet)
HPRegen 0.08/turn               (no ring)
MPRegen 0.10/turn               (no ring)

@: no status effects
A: fangs 1, strong nose, distributed training
a: Renounce Religion, Depart the Abyss, Bend Space


You were on level 2 of the Dungeon.
You worshipped Lugonu.
Lugonu was pleased with you.
You visited 1 branch of the dungeon, and saw 2 of its levels.

You collected 40 gold pieces.


Innate Abilities, Weirdness & Mutations

You have very sharp teeth.
Your uncanny sense of smell can sniff out nearby items.
Your experience applies equally to all skills.


   Skills:
 + Level 0.9 Fighting
 + Level 0.9 Short Blades
 + Level 0.9 Long Blades
 + Level 0.9 Axes
 + Level 0.9 Maces & Flails
 + Level 0.9 Polearms
 + Level 4.5 Staves
 + Level 0.9 Slings
 + Level 0.9 Bows
 + Level 0.9 Crossbows
 + Level 2.6 Throwing
 + Level 0.9 Armour
 + Level 2.6 Dodging
 + Level 2.4 Stealth
 + Level 0.9 Shields
 + Level 0.9 Unarmed Combat
 + Level 2.8 Spellcasting
 + Level 0.6 Conjurations
 + Level 0.6 Hexes
 + Level 7.1 Summonings
 + Level 0.6 Necromancy
 + Level 0.6 Translocations
 + Level 0.6 Transmutations
 + Level 0.6 Fire Magic
 + Level 0.6 Ice Magic
 + Level 0.6 Air Magic
 + Level 0.6 Earth Magic
 + Level 0.6 Poison Magic
 + Level 1.0 Invocations
 + Level 0.9 Evocations


You couldn't memorise any spells.
You knew the following spells:

 Your Spells              Type           Power      Damage    Failure   Level
a - Summon Small Mammal   Summ           80%        N/A       1%          1
b - Ignite Poison         Fire/Tmut/Pois 3%         N/A       47%         3
c - Mephitic Cloud        Conj/Pois/Air  3%         N/A       47%         3

Your spell library contained the following spells:

 Spells                   Type           Power      Damage    Failure   Level
 Animate Armour           Summ/Erth      22%        N/A       43%         4
 Summon Ice Beast         Ice/Summ       11%        N/A       43%         4
 Freezing Cloud           Conj/Ice/Air   1%         6-21      99%         5

Inventory:

Hand Weapons
 a - a +0 quarterstaff {staff}
 c - a +0 dagger {short}
 d - a +0 dagger of electrocution (weapon) {short}
   (You took it off a goblin on level 1 of the Dungeon)
Missiles
 b - 21 poisoned darts (quivered) {throwing}
 l - 74 stones {throwing}
Armour
 e - a +0 robe (worn)
Scrolls
 h - a scroll of silence {!r}
 k - 2 scrolls of immolation {!r!r}
Potions
 j - a potion of lignification {unknown}
 m - 2 potions of brilliance {unknown}
 o - a potion of heal wounds {unknown}
 p - a potion of curing {unknown}
 q - a potion of ambrosia {unknown}

Dungeon Overview and Level Annotations

Branches:
Dungeon (2/15)

Altars:
Lugonu

Shops:
D:1

(
..♣♣.....##....###...##
.♣♣P.....##....###...##
.♣P.P♣#####....#......#
#♣P.P♣ +....#.##...#
♣P.P♣ #....#.###..#
♣..P♣ #....#'###..#
..P♣♣ #........#..#
.P.P #........##>#
#.....@..####
.......w..# ..........#
..........# ##........#
#........# #........#
#.......[#


You could see a worm.


Message History

You hit the rat. The rat barely misses you.
You closely miss the rat.
The ball python hisses angrily.
The rat misses you.
You barely miss the rat.
The ball python hisses angrily.
The rat bites you. 😕 HP[-3]
You take 3 damage, and now have 22/25 hp.
You are too injured to fight recklessly!
You are too injured to fight recklessly!
You are too injured to fight recklessly!
You are too injured to fight recklessly!
You are too injured to fight recklessly!
You are too injured to fight recklessly!
You are too injured to fight recklessly!
You are too injured to fight recklessly!
You are too injured to fight recklessly!
There are monsters nearby!
There are monsters nearby!
Unknown command.
You closely miss the rat. The ball python bites you. The ball python grabs you.
The ball python constricts you. The rat barely misses you. 😕 HP[-1]
You take 1 damage, and now have 21/25 hp.
You hit the rat.
You kill the rat!
Lugonu accepts your kill. The ball python bites you.
The ball python constricts you. The ball python barely misses you.
The ball python constricts you. 😮 HP[-3]
You take 3 damage, and now have 18/25 hp.
Unknown command.
You barely miss the ball python. The ball python closely misses you.
The ball python constricts you. 😮 HP[-1]
You take 1 damage, and now have 17/25 hp.
You closely miss the ball python.
The ball python bites you but does no damage.
The ball python constricts you.
You hit the ball python.
Lightning courses through the ball python!
You kill the ball python!
Lugonu accepts your kill. The ball python bites you.
The ball python completely misses you. 😮 HP[-1]
You take 1 damage, and now have 16/25 hp.
You barely miss the ball python. The ball python misses you.
The ball python barely misses you.
You completely miss the ball python. The ball python bites you.
The ball python completely misses you. 😮 HP[-1]
You take 1 damage, and now have 15/25 hp.
You hit the ball python. The ball python bites you. The ball python grabs you.
The ball python constricts you. The ball python barely misses you.
The ball python constricts you. 😮 HP[-2]
You take 2 damage, and now have 13/25 hp.
You barely miss the ball python. Your bite misses the ball python.
The ball python bites you.
* * * LOW HITPOINT WARNING * * *
The ball python constricts you. 😨 HP[-1]
You take 1 damage, and now have 12/25 hp.
You hit the ball python.
You kill the ball python!
Lugonu accepts your kill.
You start resting. 😎 HP[+13]
Your hp is fully restored (25).
You see here a ball python corpse.
l - 74 stones {throwing} (gained 14)
You now have 40 gold pieces (gained 4).
Found a stone staircase leading down.
You open the door.
A worm comes into view.
A worm is nearby!
A worm is nearby!
A worm is nearby!
A worm is nearby!
There is an open door here.
You hit the worm. The worm bites you! 😮 HP[-10]
You take 10 damage, and now have 15/25 hp.
MASSIVE DAMAGE!! (PAUSE)
You hit the worm but do no damage. You hit the worm.
The worm barely misses you.
You hit the worm.
A bat comes into view.
You barely miss the worm. The worm bites you!
* * * LOW HITPOINT WARNING * * *
😱 HP[-10]
You take 10 damage, and now have 5/25 hp.
MASSIVE DAMAGE!! (PAUSE)
You hit the worm. The worm closely misses you.
You hit the worm. You hit the worm. The worm bites you!
You die...

Skill      XL: |  1  2  3 |
---------------+----------+-----
Invocations    | 1 |  1.0
Fighting       | |  0.9
Short Blades   | |  0.9
Long Blades    | |  0.9
Axes           | |  0.9
Maces & Flails | |  0.9
Polearms       | |  0.9
Staves         | |  4.5
Slings         | |  0.9
Bows           | |  0.9
Crossbows      | |  0.9
Throwing       | |  2.6
Armour         | |  0.9
Dodging        | |  2.6
Stealth        | |  2.4
Shields        | |  0.9
Unarmed Combat | |  0.9
Spellcasting   | |  2.8
Conjurations   | |  0.6
Hexes          | |  0.6
Summonings     | |  7.1
Necromancy     | |  0.6
Translocations | |  0.6
Transmutations | |  0.6
Fire Magic     | |  0.6
Ice Magic      | |  0.6
Air Magic      | |  0.6
Earth Magic    | |  0.6
Poison Magic   | |  0.6
Evocations     | |  0.9

Action                   || total
-------------------------++-------
Melee: Quarterstaff      ||    41
       Bite              ||    11
       Dagger            ||    91
       Punch             ||     1
 Cast: Summon Small Mamm ||     3
  Use: Potion            ||     2
       Scroll            ||     4
 Stab: Sleeping          ||     5
Armor: Robe              ||    16
Dodge: Dodged            ||    75

Levels and vault maps discovered:
D:1:      evilmike_arrival_grusome_pit, layout_basic,
          hellmonk_ecumenical_altar_prayer_group, serial_shops,
          nicolae_shop_crystal, minmay_3d_cube
D:2:      layout_basic, dilly_guarded_unrand_morg

Notes
Turn   | Place    | Note
-------+----------+-------------------------------------------
     0 | D:1      | spaghetti the Gnoll Wanderer began the quest for the Orb.
     0 | D:1      | spaghetti set off with the following items: a +0
                  | quarterstaff {staff}, 9 poisoned darts {throwing}, a +0
                  | dagger {short}, a potion of invisibility, a +0 robe; and
                  | the following spell memorised: Summon Small Mammal; and the
                  | following spells available to memorise: Animate Armour,
                  | Summon Ice Beast
     0 | D:1      | Reached XP level 1. HP: 13/13 MP: 4/4
     0 | D:1      | magus.rc [v1.9.6]
   254 | D:1      | HP: 3/13 [hobgoblin (1)]
   540 | D:1      | Reached XP level 2. HP: 19/19 MP: 5/5
   717 | D:1      | HP: 4/20 [kobold/+0 short sword (5)]
   724 | D:1      | HP: 1/20 [frilled lizard (3)]
  1328 | D:1      | Reached XP level 3. HP: 25/25 MP: 7/7
  1336 | D:1      | Found Ytupeh's Antique Weapon Emporium.
  1799 | D:1      | Found a faded altar of an unknown god.
  1953 | D:1      | Reached skill level 1 in Invocations
  2035 | D:1      | Prayed at the altar of an unknown god.
  2035 | D:1      | Became a worshipper of Lugonu the Unformed
  2035 | D:1      | Reached * piety under Lugonu
  2035 | D:1      | Reached ** piety under Lugonu
  2229 | D:2      | HP: 6/25 [kobold/+0 short sword (2)]
  2547 | D:2      | You add the spells Ignite Poison, Mephitic Cloud and
                  | Freezing Cloud to your library.
  2552 | D:2      | Learned a level 3 spell: Ignite Poison
  2556 | D:2      | Learned a level 3 spell: Mephitic Cloud
  2811 | D:2      | HP: 5/25 [worm (10)]
  2814 | D:2      | Slain by a worm

Vanquished Creatures
  A gnoll (D:1)
  A dart slug (D:2)
  4 bats
  3 giant cockroaches
  2 goblins (D:1)
  6 hobgoblins (D:1)
  2 quokkas (D:1)
  2 ball pythons (D:2)
  6 kobolds
  8 rats
35 creatures vanquished.

Vanquished Creatures (collateral kills)
  A frilled lizard (D:1)
1 creature vanquished.

Grand Total: 36 creatures vanquished

Table legend:
 A = Non-vault XP
 B = Vault XP
 C = Vault XP percentage of total XP
 D = Non-vault monster count
 E = Vault monster count
 F = Vault count percentage of total count
                 A         B        C        D         E       F
            +---------+---------+-------+---------+---------+-------
      Total |      64 |       7 |   9.9 |      32 |       4 |  11.1
            +---------+---------+-------+---------+---------+-------
        D:1 |      48 |       7 |  12.7 |      22 |       4 |  15.4
        D:2 |      16 |       0 |   0.0 |      10 |       0 |   0.0
            +---------+---------+-------+---------+---------+-------

Illustrated notes

Table legend:
 A = Kills in this place as a percentage of kills in entire the game.
 B = Kills by you in this place as a percentage of kills by you in the entire game.
 C = Kills by friends in this place as a percentage of kills by friends in the entire game.
 D = Other kills in this place as a percentage of other kills in the entire game.
 E = Experience gained in this place as a percentage of experience gained in the entire game.
 F = Experience gained in this place divided by the number of levels of this place that you have seen.
                   A       B       C       D       E      F
               +-------+-------+-------+-------+-------+----------------------
         Total | 100.0 | 100.0 | 100.0 |   N/A | 100.0 |  35.5
       Dungeon | 100.0 | 100.0 | 100.0 |   N/A | 100.0 |  35.5
               +-------+-------+-------+-------+-------+----------------------

Table legend: (Time is in decaauts)
 A = Elapsed time spent in this place.
 B = Non-inter-level travel time spent in this place.
 C = Inter-level travel time spent in this place.
 D = Time resting spent in this place.
 E = Time spent auto-exploring this place.
 F = Levels seen in this place.
 G = Mean time per level.
                   A        B        C        D        E       F      G
               +--------+--------+--------+--------+--------+-----+--------+
         Total |   2812 |   2662 |    150 |   1001 |   1315 |   2 | 1406.0 |
       Dungeon |   2812 |   2662 |    150 |   1001 |   1315 |   2 | 1406.0 |
               +--------+--------+--------+--------+--------+-----+--------+

Top non-repeatable levels by time:
     D:1: 2196 daAuts
     D:2: 616 daAuts
